AoeStats
← GreatPerson25

Lombardia

509811135Analyzed
2v2 RM · 3d ago on Sep 28, 2026· 32m 27s· 4 players
Game mode
Random Map
Map size
Medium (4 player)
Population
200
Speed
Normal
Resources
Standard
Victory
Conquest
Starting age
Dark Age
Ending age
Imperial Age
RankedLock teamsTeams togetherTeam positionsShared explorationLock speedFull tech treeHidden civsTurbo modeCheats
Victory
Defeat
🇨🇱 Saracens · Chile
1527
+12
🇨🇱 Slavs · Chile
1526
+12
🇺🇸 Ethiopians · United States
1447
-12
🇦🇺 Inca · Australia
1425
-12
GreatPerson25
7:01 Loom
9:12 Feudal Age
10:02 Town Watch
10:15 Double-Bit Axe
14:04 Fletching
20:58 Castle Age
19:13 Horse Collar
20:18 Gold Mining
21:05 Crossbowman
21:41 Bodkin Arrow
22:34 Bow Saw
23:08 Padded Archer Armor
29:20 Fortified Wall
AutoEveryThing
8:57 Loom
10:45 Feudal Age
12:05 Town Watch
15:25 Castle Age
13:59 Double-Bit Axe
14:04 Horse Collar
17:20 Bow Saw
23:24 Scale Mail Armor
23:53 Forging
23:57 Bow Saw
26:24 Champi Runner
27:19 Champi Warrior
29:06 Chain Mail Armor
29:03 Squires
31:20 Pikeman
Vaedal
7:09 Loom
9:10 Feudal Age
12:18 Double-Bit Axe
13:38 Gold Mining
13:54 Fletching
14:30 Horse Collar
20:27 Castle Age
19:13 Padded Archer Armor
20:28 Crossbowman
21:05 Bodkin Arrow
23:04 Bow Saw
24:07 Ballistics
26:19 Thumb Ring
Feanor
6:09 Loom
8:59 Feudal Age
9:44 Double-Bit Axe
9:41 Horse Collar
19:51 Castle Age
18:00 Scale Barding Armor
18:10 Gold Mining
18:39 Forging
18:41 Bloodlines
19:33 Wheelbarrow
20:53 Chain Barding Armor
20:35 Husbandry
21:17 Bow Saw
26:48 Heavy Plow
30:01 Iron Casting
30:45 Gold Shaft Mining
31:52 Hand Cart
Connection lost

Rejoining the realm…

Still unreachable

The connection could not be restored.

Session expired

The server has moved on; the page needs a fresh start.